 Dungeon Crawl Stone Soup version 0.30-a0-782-ge64f9170bb (webtiles) character file.

Game seed: 15342161622672836991

28039 DSell the Covert (level 13, -10/55 HPs)
             Began as a Spriggan Fire Elementalist on Mar 7, 2023.
             Was a High Priest of Vehumet.
             Mangled by a spriggan rider
             ... wielding a +0 spear
              (19 damage)
             ... on level 1 of the Swamp on Mar 8, 2023.
             The game lasted 02:01:52 (19657 turns).

DSell the Covert (Spriggan Fire Elementalist)      Turns: 19657, Time: 02:01:53

Health: -10/55     AC: 12    Str:  4    XL:     13   Next: 7%
Magic:  17/28      EV: 25    Int: 22    God:    Vehumet [*****.]
Gold:   832        SH:  0    Dex: 17    Spells: 6/33 levels left

rFire   + . .      SeeInvis +    j - +3 dagger (flame)
rCold   . . .      Faith    .    (no shield)
rNeg    . . .      Spirit   .    L - +3 steam dragon scales
rPois   .          Reflect  .    J - +0 hat
rElec   .          Harm     .    (no cloak)
rCorr   .          Rampage  .    (gloves unavailable)
Will    ++...                    (boots unavailable)
Stlth   ++++++                   (no amulet)
HPRegen 0.29/turn                p - ring of protection from fire
MPRegen 0.21/turn                g - ring of Onki Wuc {AC+4 Int+2}

@: about to teleport, very quick
A: very small, no large weapons, unfitting armour, see invisible, speed 3
a: Renounce Religion


You were on level 1 of the Swamp.
You worshipped Vehumet.
Vehumet was extremely pleased with you.
You visited 5 branches of the dungeon, and saw 19 of its levels.

You collected 832 gold pieces.

Inventory:

Hand Weapons
 j - a +3 dagger of flaming (weapon)
 l - a +1 dagger of venom
 u - the +5 whip of Wyrd {flame, rPois Will++ rCorr Int-2}
   (You found it on level 7 of the Dungeon)

   Int:       It affects your intelligence (-2).
   rPois:     It protects you from poison.
   rCorr:     It protects you from acid and corrosion.
   Will:      It greatly increases your willpower.
 w - a +0 heavy scimitar
 z - a +3 quarterstaff of chaos
 B - a -1 demon whip of venom
Armour
 a - a +1 robe
 d - a +2 robe of willpower
 t - an orb of wrath
 y - +0 steam dragon scales
 E - a scarf of harm
 I - a +0 troll leather armour
 J - a +0 hat (worn)
 L - +3 steam dragon scales (worn)
Magical Staves
 x - a staff of cold
Jewellery
 g - the ring of Onki Wuc (right hand) {AC+4 Int+2}
   (You acquired it on level 4 of the Dungeon)

   [ring of protection]

   AC:        It affects your AC (+4).
   Int:       It affects your intelligence (+2).
 p - a ring of protection from fire (left hand)
 r - a ring of see invisible
 K - a ring of wizardry
 O - a ring of see invisible
Wands
 b - a wand of paralysis (5)
 A - a wand of flame (19)
 D - a wand of light (2)
 F - a wand of mindburst (7)
Scrolls
 h - 2 scrolls of enchant weapon
 i - a scroll of poison
 n - a scroll of teleportation
 v - a scroll of silence
 G - a scroll of amnesia
 H - 7 scrolls of identify
 M - 2 scrolls of brand weapon
 N - a scroll of vulnerability
Potions
 c - 4 potions of haste
 e - 5 potions of lignification
 f - 4 potions of mutation
 k - a potion of attraction
 m - 3 potions of flight
 o - 3 potions of brilliance
 q - 2 potions of curing
 s - 2 potions of degeneration
 C - 2 potions of magic


   Skills:
 + Level 11.4 Dodging
 + Level 13.4 Stealth
 + Level 10.5 Spellcasting
 + Level 6.3 Conjurations
 + Level 9.9 Translocations
 * Level 9.8 Fire Magic
 - Level 5.7 Ice Magic


You had 6 spell levels left.
You knew the following spells:

 Your Spells              Type           Power      Damage    Failure   Level
a - Foxfire               Conj/Fire      100%       2x1d9     1%          1
b - Scorch                Fire           100%       2d10      1%          2
c - Shock                 Conj/Air       100%       1d9       1%          1
d - Inner Flame           Hex/Fire       33%        N/A       1%          3
e - Freeze                Ice            100%       1d10      1%          1
f - Blink                 Tloc           100%       N/A       1%          2
g - Flame Wave            Conj/Fire      47%        2d12      1%          4
h - Kindle Blastsparks    Fire/Tloc/Air  80%        2d16      1%          3
i - Summon Ice Beast      Ice/Summ       24%        N/A       17%         4
j - Passwall              Tmut/Erth      9%         N/A       9%          2
k - Sticky Flame          Conj/Fire      47%        2d6       1%          4

Your spell library contained the following spells:

 Spells                   Type           Power      Damage    Failure   Level
 Kiss of Death            Conj/Necr      100%       2d13      1%          1
 Sandblast                Erth           22%        2d7       1%          1
 Lesser Beckoning         Tloc           100%       N/A       1%          2
 Momentum Strike          Conj/Tloc      94%        3d10      1%          2
 Frozen Ramparts          Ice            74%        1d12      1%          3
 Stone Arrow              Conj/Erth      50%        3d10      1%          3
 Beastly Appendage        Tmut           22%        N/A       6%          1
 Wereblood                Tmut           11%        N/A       9%          2
 Confusing Touch          Hex            11%        N/A       17%         3
 Spider Form              Tmut/Pois      11%        N/A       17%         3
 Ice Form                 Ice/Tmut       24%        N/A       17%         4
 Animate Dead             Necr           11%        N/A       50%         4
 Dispel Undead            Necr           11%        3d9       50%         4
 Haunt                    Necr/Summ      5%         N/A       100%        7
 Infestation              Necr           5%         N/A       100%        8


Dungeon Overview and Level Annotations

Branches:
Dungeon (11/15)            Temple (0/1) D:7            Lair (4/5) D:11
  Swamp (1/4) Lair:3       Spider (2/4) Lair:2          Orc (1/2) D:11
  Slime: Lair:4-5

Altars:
Cheibriados
Dithmenos
Fedhas
Kikubaaqudgha
Nemelex Xobeh
Okawaru
Qazlal
Ru
Vehumet
Xom
Zin
Jiyva

Shops:
D:1 ?

Annotations:
Orc:1 Nergalle


Innate Abilities, Weirdness & Mutations

You are very small and have problems with some larger weapons.
You are too small for most types of armour.
You have supernaturally acute eyesight. (SInv)
You cover ground extremely quickly. (Speed+++)


Message History

Casting: Kindle Blastsparks (safe; 1% risk of failure)
Confirm with . or Enter, or press ? or * to list all spells.
A cloud of volatile blastsparks flares up around you!
The spriggan rider attacks as you move away!
The spriggan rider hits you but does no damage.
The cloud of blastsparks explodes!
The concussive blast engulfs the spriggan rider!
The spriggan rider is heavily wounded.
The concussive blast engulfs you. You resist.
You are knocked back by the blast.
Casting: Kindle Blastsparks (safe; 1% risk of failure)
Confirm with . or Enter, or press ? or * to list all spells.
A cloud of volatile blastsparks flares up around you!
The spriggan rider misses you.
The cloud of blastsparks explodes!
The concussive blast engulfs the spriggan rider!!
The spriggan rider is heavily wounded.
The concussive blast engulfs the spriggan rider!
You kill the spriggan!
Vehumet accepts your kill.
You feel your power returning.
The hornet is heavily wounded.
Casting: Kindle Blastsparks (safe; 1% risk of failure)
Confirm with . or Enter, or press ? or * to list all spells.
Okay, then.
Casting: Scorch (safe; 1% risk of failure)
Press: ? - help, Q - select action, (/) - cycle Dir - look around, f - activate Flames lash the spriggan rider.
The spriggan rider is severely wounded.
The spriggan rider's fire resistance burns away.
The spriggan rider hits you from afar with a +0 spear!
* * * LOW HITPOINT WARNING * * *
Okay, then.
Casting: Scorch (safe; 1% risk of failure)
Confirm with . or Enter, or press ? or * to list all spells.
You blink.
As you read the scroll of teleportation, it crumbles to dust.
You feel strangely unstable.
The spriggan rider hits you from afar with a +0 spear!!
You die...

♣♣♣♣♣ ♣♣§♣.♣♣
♣~..~.♣♣ ♣..~.~♣
♣♣♣♣.....♣♣
♣♣.♣.~~.~..♣
♣~.~.~...~♣♣
♣.~..~~.♣♣♣
♣♣§.~@.~♣♣
♣~.~.~.§♣
♣..~iy~~♣♣
♣♣♣...♣.~♣ ♣♣♣
♣♣♣♣♣..♣.♣♣
♣♣.♣♣♣.♣♣♣.♣♣♣.♣
♣♣.......♣.)♣♣.<♣
♣....≈.....♣♣♣.~♣
♣.♣_≈≈≈.♣.♣♣ ♣.~♣


You could see a spriggan rider (combustible) and a hornet.

Vanquished Creatures
  Gastronok (Lair:1)
  A two-headed ogre (D:8)
  Amaemon (D:8)
  2 spriggans (Swamp:1)
  An orb spider (Lair:2)
  2 bog bodies
  A wolf spider (Lair:2)
  Joseph (D:8)
  A black mamba (Lair:2)
  A torpor snail (Lair:2)
  An orange demon (D:8)
  7 cane toads
  Maggie (Lair:1)
  2 unseen horrors
  5 komodo dragons
  2 polar bears
  2 trolls (D:10)
  Prince Ribbit (D:7)
  8 blink frogs
  A hornet (Swamp:1)
  A slime creature (D:11)
  A basilisk (Lair:3)
  3 shadows
  3 wyverns
  2 wraiths
  23 yaks
  4 steam dragons
  4 swamp worms (Lair:3)
  Duvessa (D:7)
  8 water moccasins
  4 orc warriors
  2 black bears
  An ice beast (D:5)
  4 sky beasts
  4 ogres
  A hornet zombie (D:7)
  42 wolves
  A centaur (D:6)
  A phantom (D:4)
  2 kobold brigands (D:10)
  12 bullfrogs
  3 gnoll sergeants
  A necrophage (D:6)
  2 scorpions (D:6)
  2 water moccasin zombies (D:7)
  10 wights
  Dowan (D:7)
  2 killer bees (Lair:1)
  An electric eel (Lair:3)
  3 vampire bats (Lair:2)
  3 howler monkeys
  A centaur zombie (D:7)
  A bullfrog zombie (D:7)
  A gnoll bouda (D:9)
  2 hounds
  5 jellies
  7 orc priests
  Crazy Yiuf (D:7)
  2 iguanas
  8 orc wizards
  3 killer bee zombies (D:7)
  A howler monkey zombie (D:7)
  15 gnolls
  15 adders
  2 shadow imps
  2 ufetubi (D:4)
  2 worms (D:2)
  3 dart slugs
  39 orcs
  11 bats
  7 endoplasms
  4 giant cockroaches
  18 goblins
  5 hobgoblins
  2 jackals (D:5)
  17 kobolds
  2 quokkas
  7 ball pythons
  7 frilled lizards
  4 rats
388 creatures vanquished.

Vanquished Creatures (collateral kills)
  6 foxfires
6 creatures vanquished.

Vanquished Creatures (others)
  A gnoll (D:6)
  1137 foxfires
  28 fungi
  20 plants
  5 withered plants (D:7)
1191 creatures vanquished.

Grand Total: 1585 creatures vanquished

Notes
Turn   | Place    | Note
-------+----------+-------------------------------------------
     0 | D:1      | DSell the Spriggan Fire Elementalist began the quest for
                  | the Orb.
     0 | D:1      | Reached XP level 1. HP: 9/9 MP: 5/5
   312 | D:1      | Found Syraow's Magic Scroll Shop.
   472 | D:1      | Reached XP level 2. HP: 13/13 MP: 4/6
   611 | D:1      | Reached skill level 1 in Conjurations
  1139 | D:2      | Found a sparkling altar of Nemelex Xobeh.
  1258 | D:2      | Reached XP level 3. HP: 16/16 MP: 3/8
  1811 | D:2      | Reached skill level 4 in Stealth
  1816 | D:2      | Learned a level 2 spell: Scorch
  2019 | D:3      | Reached XP level 4. HP: 21/21 MP: 5/10
  2216 | D:3      | Found a radiant altar of Vehumet.
  2342 | D:3      | Became a worshipper of Vehumet
  2504 | D:3      | Found a shimmering altar of Xom.
  2568 | D:3      | Reached XP level 5. HP: 24/24 MP: 11/11
  2882 | D:3      | Noticed an ogre
  2926 | D:3      | Killed an ogre
  2927 | D:3      | Reached skill level 5 in Stealth
  3119 | D:3      | Reached * piety under Vehumet
  3119 | D:3      | Offered knowledge of Shock by Vehumet.
  3455 | D:4      | Reached XP level 6. HP: 28/28 MP: 8/13
  3513 | D:4      | Identified a scroll of acquirement
  3513 | D:4      | Acquired the ring of Onki Wuc {AC+4 Int+2}
  3972 | D:4      | Learned a level 1 spell: Shock
  4073 | D:4      | Reached skill level 5 in Dodging
  4290 | D:4      | Reached XP level 7. HP: 32/32 MP: 9/15
  4405 | D:4      | Reached skill level 6 in Stealth
  4756 | D:5      | Entered Level 5 of the Dungeon
  4782 | D:5      | Reached skill level 5 in Spellcasting
  4889 | D:5      | Reached ** piety under Vehumet
  5037 | D:5      | Identified the +3 leather armour of Ataem {Str+2 Int-2
                  | SInv}
  5043 | D:5      | Offered knowledge of Freeze by Vehumet.
  5044 | D:5      | Reached skill level 7 in Stealth
  5054 | D:5      | Reached XP level 8. HP: 25/36 MP: 1/17
  5269 | D:5      | Learned a level 3 spell: Inner Flame
  5271 | D:5      | Learned a level 1 spell: Freeze
  5624 | D:6      | Learned a level 2 spell: Blink
  6040 | D:6      | Offered knowledge of Mephitic Cloud by Vehumet.
  6041 | D:6      | Reached skill level 8 in Stealth
  6074 | D:6      | Reached skill level 1 in Translocations
  6096 | D:6      | Reached skill level 5 in Fire Magic
  6298 | D:6      | Reached skill level 1 in Ice Magic
  6408 | D:6      | Reached XP level 9. HP: 39/39 MP: 13/19
  6895 | D:7      | Found a staircase to the Ecumenical Temple.
  7049 | D:7      | Reached *** piety under Vehumet
  7097 | D:7      | Noticed Prince Ribbit
  7112 | D:7      | Noticed Duvessa
  7139 | D:7      | Noticed Dowan
  7431 | D:7      | Identified the +5 whip of Wyrd {flame, rPois Will++ rCorr
                  | Int-2}
  7511 | D:7      | Killed Dowan
  7973 | D:8      | Found a sacrificial altar of Ru.
  7980 | D:8      | Noticed an orange demon
  7991 | D:8      | Noticed a boulder beetle
  8036 | D:8      | Learned a level 4 spell: Flame Wave
  8038 | D:8      | Noticed Joseph
  8048 | D:8      | Killed Joseph
  8049 | D:8      | Reached skill level 9 in Stealth
  8409 | D:7      | Killed Prince Ribbit
  8409 | D:7      | Offered knowledge of Olgreb's Toxic Radiance by Vehumet.
  8469 | D:7      | Killed Duvessa
  8912 | D:7      | Found an iron altar of Okawaru.
  8920 | D:7      | Found a shadowy altar of Dithmenos.
  8922 | D:7      | Found a stormy altar of Qazlal.
  8978 | D:7      | Found a runed translucent door.
  8979 | D:7      | Noticed Crazy Yiuf
  8997 | D:7      | Killed Crazy Yiuf
  9330 | D:8      | Learned a level 3 spell: Kindle Blastsparks
  9350 | D:8      | Noticed a two-headed ogre
  9381 | D:8      | Killed a two-headed ogre
  9382 | D:8      | Reached skill level 5 in Translocations
  9382 | D:8      | Reached XP level 10. HP: 44/44 MP: 12/22
  9574 | D:8      | Noticed Amaemon
  9605 | D:8      | Killed an orange demon
  9606 | D:8      | Reached skill level 10 in Stealth
 10131 | D:8      | Killed Amaemon
 10281 | D:8      | Found an ancient bone altar of Kikubaaqudgha.
 11222 | D:9      | Found a glowing silver altar of Zin.
 11258 | D:9      | Reached **** piety under Vehumet
 11690 | D:9      | Offered knowledge of Dazzling Flash by Vehumet.
 11939 | D:10     | Entered Level 10 of the Dungeon
 12009 | D:10     | Learned a level 4 spell: Summon Ice Beast
 12472 | D:10     | Reached XP level 11. HP: 47/47 MP: 20/24
 12818 | D:10     | Reached skill level 5 in Conjurations
 13060 | D:10     | Found a snail-covered altar of Cheibriados.
 13387 | D:11     | Reached skill level 11 in Stealth
 13676 | D:11     | Found a staircase to the Orcish Mines.
 13754 | D:11     | Found a viscous altar of Jiyva.
 14014 | D:11     | Noticed a skeletal warrior
 14014 | D:11     | Noticed a skeletal warrior
 14015 | D:11     | Noticed a death knight
 14015 | D:11     | Noticed a phantasmal warrior
 14015 | D:11     | Noticed a skeletal warrior
 14056 | Orc:1    | Entered Level 1 of the Orcish Mines
 14098 | Orc:1    | Noticed Nergalle
 14293 | D:11     | Found a staircase to the Lair.
 14344 | Lair:1   | Entered Level 1 of the Lair of Beasts
 14348 | Lair:1   | Noticed Maggie
 14350 | Lair:1   | Reached ***** piety under Vehumet
 14353 | Lair:1   | Offered knowledge of Freezing Cloud by Vehumet.
 14722 | Lair:1   | HP: 2/47 [komodo dragon (22)]
 14844 | Lair:1   | Killed Maggie
 15378 | Lair:1   | Reached skill level 10 in Dodging
 15684 | Lair:1   | Noticed Gastronok
 15814 | Lair:1   | Killed Gastronok
 15815 | Lair:1   | Reached skill level 12 in Stealth
 15815 | Lair:1   | Reached XP level 12. HP: 51/51 MP: 15/26
 16309 | Lair:2   | Reached skill level 5 in Ice Magic
 16316 | Lair:2   | Found a hole to the Spider Nest.
 17386 | Lair:2   | Reached skill level 10 in Spellcasting
 17628 | Spider:1 | Entered Level 1 of the Spider Nest
 17642 | Spider:1 | Noticed a boulder beetle
 18556 | Lair:3   | Reached skill level 13 in Stealth
 18634 | Lair:3   | Learned a level 2 spell: Passwall
 19381 | Lair:3   | Offered knowledge of Sticky Flame by Vehumet.
 19402 | Lair:3   | Learned a level 4 spell: Sticky Flame
 19425 | Lair:3   | Reached XP level 13. HP: 43/55 MP: 18/28
 19474 | Lair:3   | Found a staircase to the Swamp.
 19537 | Swamp:1  | Entered Level 1 of the Swamp
 19558 | Swamp:1  | Found a blossoming altar of Fedhas.
 19657 | Swamp:1  | Mangled by a spriggan rider

Illustrated notes

Levels and vault maps discovered:
D:1:      matt_arrival_los_fun, layout_loops_ring, serial_shops,
          nicolae_shop_crystal, chequers_serial_rivers_micro_a,
          minmay_tromino_v4_b
D:2:      layout_basic, basic_altar, hangedman_decor_push, minmay_ruptured
D:3:      layout_rooms, lemuel_round_altar, old_standard_altar,
          minmay_ogre_servants
D:4:      layout_gridville
D:5:      layout_cave_pools, kennysheep_generic_room_12
D:6:      layout_cave_pods, dk_noncrumbling_4
D:7:      layout_basic, grunt_temple_overflow_diamond,
          minmay_temple_entry_drinking_statues, enter_bailey_3, serial_undead,
          serial_undead_d, serial_undead_e, serial_undead_a, serial_undead_e,
          serial_bayou_pond_d, uniq_prince_ribbit1, uniq_crazy_yiuf_cottage,
          uniq_duvessa
D:8:      layout_basic, amcnicky_altar_gilded,
          mainiacjoe_overflow_concentric_impassable, uniq_joseph, uniq_amaemon
D:9:      layout_roguey, nicolae_overflow_crystal_walls
D:10:     layout_loops_cross, lemuel_crystal_altar, minmay_statues_item
D:11:     layout_roguey, lair_entry_dummy, orc_0_dummy, jiyva_altar_1,
          uniq_sonja
Lair:1:   layout_gridlike, special_room [special_room_bee],
          nicolae_quartered_pool_impasse, uniq_gastronok, uniq_maggie
Lair:2:   layout_roguey, nicolae_spider_entry_orb_guardian,
          dreamdust_mushroom_princess, roderic_batcave,
          grunt_forest_large_clearings, grunt_megastairs_2,
          infiniplex_staircase_pool_2
Lair:3:   layout_roguey, nicolae_swamp_entry_splash_gauntlet,
          beast_lair_carwin_8, grunt_megastairs_4
Lair:4:   layout_roguey
Swamp:1:  layout_falls_marsh, nicolae_swamp_fairy_circle, swamp_pool4,
          statue_in_the_mist_lemuel, nicolae_swamp_godswood,
          infiniplex_staircase_pool, uniq_jorgrun, uniq_roxanne
Spider:1: layout_spider_delve, hangedman_spider_tarantella_strand
Spider:2: layout_spider_delve, nicolae_spider_claw_tunnel, uniq_agnes
Orc:1:    layout_caves, serial_shops, nicolae_shop_behind_doors, uniq_urug,
          uniq_nergalle

Skill      XL: |  1  2  3  4  5  6  7  8  9 10 11 12 |
---------------+-------------------------------------+-----
Dodging        | 3 4 5 6 7 8 9 10 11 | 11.4
Spellcasting   | 3 4 5 6 7 8 9 10 | 10.5
Conjurations   | 1 2 3 4 5 6 |  6.3
Stealth        | 4 5 7 8 9 10 12 13 | 13.4
Fire Magic     | 3 4 5 6 7 8 9 |  9.8
Translocations | 2 5 6 8 9 |  9.9
Ice Magic      | 1 2 3 4 5 |  5.7

Action                     |  1- 3 |  4- 6 |  7- 9 | 10-12 | 13-15 || total
---------------------------+-------+-------+-------+-------+-------++-------
  Melee: Unarmed           |     4 |       |       |       |       ||     4
         Dagger            |       |    28 |     1 |    19 |       ||    48
   Cast: Foxfire           |    63 |    47 |   230 |   344 |     4 ||   688
         Scorch            |     2 |    56 |    76 |   317 |     9 ||   460
         Kindle Blastspark |       |       |     6 |    89 |     3 ||    98
         Blink             |       |       |     3 |    10 |     1 ||    14
         Inner Flame       |       |       |     1 |     5 |       ||     6
         Flame Wave        |       |       |     1 |     6 |       ||     7
         Freeze            |       |       |     1 |     1 |       ||     2
         Summon Ice Beast  |       |       |       |     4 |       ||     4
         Sticky Flame      |       |       |       |       |     1 ||     1
    Use: Scroll            |     3 |     6 |    14 |     7 |     1 ||    31
         Potion            |       |       |     3 |     6 |       ||     9
   Stab: Sleeping          |       |     1 |       |       |       ||     1
 Armour: Robe              |     3 |     4 |     7 |    15 |       ||    29
         Steam dragon scal |       |       |       |    40 |     1 ||    41
  Dodge: Dodged            |    14 |    27 |    71 |   350 |     5 ||   467

Table legend: (Time is in decaauts)
 A = Elapsed time spent in this place.
 B = Non-inter-level travel time spent in this place.
 C = Inter-level travel time spent in this place.
 D = Time resting spent in this place.
 E = Time spent auto-exploring this place.
 F = Levels seen in this place.
 G = Mean time per level.
                   A        B        C        D        E       F      G
               +--------+--------+--------+--------+--------+-----+--------+
         Total |  15587 |  15494 |     93 |   6624 |   3099 |  19 |  820.4 |
       Dungeon |  11061 |  10968 |     93 |   4218 |   2648 |  11 | 1005.5 |
          Lair |   4355 |   4355 |      0 |   2401 |    405 |   4 | 1088.8 |
         Swamp |     95 |     95 |      0 |      0 |     46 |   1 |   95.0 |
   Spider Nest |     26 |     26 |      0 |      0 |      0 |   2 |   13.0 |
  Orcish Mines |     47 |     47 |      0 |      4 |      0 |   1 |   47.0 |
               +--------+--------+--------+--------+--------+-----+--------+

Top non-repeatable levels by time:
  Lair:2: 1929 daAuts
     D:8: 1718 daAuts
  Lair:1: 1525 daAuts
     D:6: 1192 daAuts
     D:3: 1177 daAuts
     D:7: 1170 daAuts
    D:10: 1065 daAuts
     D:4: 958 daAuts
     D:9: 900 daAuts
     D:1: 826 daAuts
    D:11: 802 daAuts
  Lair:3: 678 daAuts
     D:5: 640 daAuts
     D:2: 609 daAuts
  Lair:4: 222 daAuts
